 Dungeon Crawl Stone Soup version 0.31.0-11-ge490571c62 (webtiles) character file.

Game seed: 6981057479492983187

181 Gadfly the Ruffian (level 5, -1/38 HPs)
             Began as a Demonspawn Shapeshifter on Jan 27, 2024.
             Killed from afar by an orc wizard (8 damage)
             ... with a magic dart
             ... on level 3 of the Dungeon.
             The game lasted 00:03:13 (2706 turns).

Gadfly the Ruffian (Demonspawn Shapeshifter)        Turns: 2706, Time: 00:03:13

Health: -1/38      AC:  3    Str: 16    XL:     5   Next: 34%
Magic:  5/5        EV: 12    Int:  9    God:
Gold:   42         SH:  0    Dex: 12    Spells: 4/4 levels left

rFire   . .          .
                       - Unarmed
rCold   . . .        (no shield)
rNeg    . . .        a - +0 animal skin
rPois   .            (helmet currently unavailable)
rElec   .            (cloak currently unavailable)
rCorr   .            j - melded +0 pair of gloves
SInv    .            (boots currently unavailable)
Will    .....        (no amulet)
Stlth   +            (no ring)
HPRegen 0.26/turn    (no ring)
MPRegen 0.09/turn

%: no passive effects
@: beast-form
A: beast (slay +1), sharp scales 1, dopey 1
a: Begin Untransformation


You were on level 3 of the Dungeon.
You were a hulking beast.
You visited 1 branch of the dungeon, and saw 3 of its levels.

You collected 132 gold pieces.
You spent 90 gold pieces at shops.

Inventory:

Hand Weapons
 e - a +2 short sword of speed
 i - a +3 hand axe of distortion
Missiles
 g - a throwing net (quivered)
Armour
 a - a +0 animal skin (worn)
 j - a +0 pair of gloves (melded)
Talismans
 c - a beast talisman (active)
 d - a flux talisman
Wands
 o - a wand of charming (13)
Scrolls
 k - a scroll of blinking {unknown}
 n - a scroll of identify
Potions
 b - a potion of lignification
 f - 2 potions of curing
 h - a potion of might {unknown}
 l - a potion of enlightenment {unknown}
 m - a potion of berserk rage {unknown}


   Skills:
 + Level 2.3 Fighting
 * Level 3.0 Dodging
 + Level 3.2 Unarmed Combat
 * Level 2.5 Evocations
 + Level 3.1 Shapeshifting


You had 4 spell levels left.
You didn't know any spells.
Your spell library contained the following spells:

 Spells                   Type           Power      Damage    Failure   Level
 Call Imp                 Summ           0%         N/A       52%         2
 Sublimation of Blood     Necr           0%         N/A       52%         2
 Anguish                  Hex/Necr       0%         N/A       99%         4
 Cause Fear               Hex            0%         N/A       99%         4
 Enfeeble                 Hex            0%         N/A       100%        7
 Summon Hydra             Summ           0%         N/A       100%        7


Dungeon Overview and Level Annotations

Branches:
Dungeon (3/15)

Altars:


Innate Abilities, Weirdness & Mutations

You are a hulking beast.
Your limbs bulge with bestial killing power. (Slay +1)
You are partially covered in razor-sharp scales. (AC +1, Slay +1)
You are dopey. (Int -2)


Message History

The orc is severely wounded.
The orc hits you with a +0 short sword.
* * * LOW HITPOINT WARNING * * *
You punch the orc!
You kill the orc!
You hit the ball python.
You kill the ball python!
You hit the orc.
The orc is almost dead.
The orc hits you with a +0 war axe!
* * * LOW HITPOINT WARNING * * *
You barely miss the orc.
The orc is almost dead.
The orc barely misses you.
You feel better. The orc hits you with a +0 war axe.
* * * LOW HITPOINT WARNING * * *
You hit the orc.
You kill the orc!
The orc priest misses you.
Items here: )) ††.
You hit the orc priest.
The orc priest is moderately wounded.
The orc priest barely misses you.
You punch the orc priest!
The orc priest is almost dead.
The orc priest hits you but does no damage.
You closely miss the orc priest.
The orc priest is almost dead.
The orc priest closely misses you.
You closely miss the orc priest.
The orc priest is almost dead.
The orc priest hits you but does no damage.
You hit the orc priest.
You kill the orc priest!
Your Dodging skill increases to level 3!
You hit something.
You hear some strange, mumbled words.
A magic dart appears from out of thin air!
The magic dart hits you!
You die...

..... .......##.####.##.#
.#.## #..##.# #....#.##.#
.# #.o##.# ####.#.##.#
#§§##.# #.#.##.# #..##.#
#.#.##.# #.######..##.#
#.#.##.# #.§....§..o..#
#.#.##.#
#.#######.##.######[#.##.##
#.##..{h....#.....#
#.##.########.##.## ######
######


There were no monsters in sight!

Vanquished Creatures
  An orc priest (D:3)
  3 gnolls (D:3)
  4 adders (D:2)
  2 ribbon worms (D:2)
  5 orcs
  11 bats
  4 endoplasms
  4 giant cockroaches
  6 goblins
  8 hobgoblins
  4 jackals (D:2)
  8 kobolds
  4 quokkas
  3 ball pythons
  A frilled lizard (D:2)
  8 rats
76 creatures vanquished.

Notes
Turn   | Place    | Note
-------+----------+-------------------------------------------
     0 | D:1      | Gadfly the Demonspawn Shapeshifter began the quest for the
                  | Orb.
     0 | D:1      | Reached XP level 1. HP: 15/15 MP: 1/1
   161 | D:1      | Gained mutation: You are partially covered in razor-sharp
                  | scales. (AC +1, Slay +1) [demonic ancestry]
   161 | D:1      | Reached XP level 2. HP: 21/21 MP: 2/2
   535 | D:1      | Reached skill level 1 in Evocations
   871 | D:2      | Reached XP level 3. HP: 26/26 MP: 3/3
  1379 | D:2      | Gained mutation: You are dopey. (Int -2) [potion of
                  | mutation]
  1475 | D:2      | Reached XP level 4. HP: 19/33 MP: 4/4
  2195 | D:3      | Found Zin's Purification Station.
  2214 | D:3      | Bought a potion of curing for 90 gold pieces
  2546 | D:3      | Reached XP level 5. HP: 28/38 MP: 5/5
  2696 | D:3      | HP: 1/38 [orc/+0 war axe (10)]
  2706 | D:3      | Killed from afar by an orc wizard

Illustrated notes

Levels and vault maps discovered:
D:1:      spicycebolla_arrival_xxxplode, layout_loops_cross,
          minmay_tree_intersection
D:2:      layout_loops_cross, minmay_joined_circles
D:3:      layout_basic, grunt_qazlal_clouds, zin_purify

Skill      XL: |  1  2  3  4  5 |
---------------+----------------+-----
Dodging        | 2 3 |  3.0
Evocations     | 1 2 |  2.5
Unarmed Combat | 3 |  3.2
Shapeshifting  | 3 |  3.1
Fighting       | 2 |  2.3

Action                     |  1- 3 |  4- 6 || total
---------------------------+-------+-------++-------
  Melee: Unarmed           |   168 |    86 ||   254
         Punch             |     4 |     3 ||     7
Ability: Begin Untransform |     1 |       ||     1
    Use: Scroll            |     5 |     3 ||     8
         Potion            |     1 |     1 ||     2
   Stab: Sleeping          |     1 |       ||     1
 Armour: Animal skin       |   102 |    45 ||   147
  Dodge: Dodged            |   122 |    48 ||   170
   Form: Beast             |     1 |       ||     1
